Map: King Sejong Station LE

Players

Bretech

  • Race: Zerg Zerg
  • League: Platinum

Tenonee - Winner!

  • Race: Terran Terran

VOD

Have the link to the VOD?

Description

Time

  • Played on: July 18, 2016, 5:48 a.m.
  • Length: 17:16
Show
View Real Time Build Order
Export as new Build Order

Bretech Zerg 

Build Orders: Hatch First 

Get SALT Encoding   

  12  0:01  Drone  
  13  0:18  Overlord  
  13  0:20  Drone  
  14  0:36  Drone x2  
  14  0:40  Drone  
  17  0:57  Drone  
  17  1:02  Hatchery  
  17  1:09  Overlord  
  17  1:13  Drone  
  17  1:16  Extractor  
  17  1:26  Spawning Pool  
  17  1:29  Drone  
  17  1:49  Drone  
  17  1:50  Drone  
  19  2:14  Zergling x2  
  19  2:15  Zergling x4  
  22  2:16  Queen x2  
  22  2:22  Drone  
  26  2:49  Drone x6  
  32  2:55  Queen  
  32  2:56  Queen  
  36  3:03  Metabolic Boost  
  36  3:10  Overlord  
  36  3:28  Evolution Chamber  
  36  3:29  Evolution Chamber  
  34  3:55  Drone  
  35  3:56  Drone x9  
  35  3:58  Zerg Melee Weapons Level 1, Zerg Ground Armor Level 1  
  44  4:12  Overlord  
  44  4:13  Overlord  
  44  4:15  Roach Warren  
  43  4:32  Drone x2  
  43  4:33  Drone x4  
  49  4:40  Extractor x2  
  47  4:46  Drone x2  
  47  4:47  Drone x2  
  47  4:49  Extractor  
  48  4:58  Queen  
  50  5:01  Roach Warren  
  48  5:34  Roach x6  
  60  5:36  Overlord x4  
  60  5:40  Lair  
  60  6:01  Queen  
  62  6:05  Overlord x3  
  61  6:32  Hatchery  
  60  6:33  Spine Crawler  
  58  7:00  Drone x7  
  65  7:02  Roach x6  
  77  7:11  Zerg Melee Weapons Level 2, Zerg Ground Armor Level 2  
  77  7:17  Infestation Pit  
  76  7:57  Roach x8  
  76  7:58  Zergling x6  
  93  8:11  Zergling x4  
  93  8:12  Zergling x10  
  80  8:49  Hive  
  80  8:53  Drone x13  
  93  9:09  Zergling x6  
  96  9:16  Baneling Nest  
  95  9:36  Overlord x2  
  95  9:37  Overlord x4  
  95  9:40  Zergling x2  
  95  9:41  Zergling x16  
  95  9:43  Glial Reconstitution  
  104  9:46  Roach  
  106  9:53  Ravager x3  
  106  9:55  Ravager  
  106  9:56  Ravager  
  106  9:57  Ravager  
  112  10:00  Drone x4  
  112  10:01  Extractor  
  112  10:02  Extractor  
  108  10:45  Baneling x10  
  108  10:46  Baneling x4, Centrifical Hooks  
  108  10:47  Baneling x2  
  57  11:11  Zergling x6  
  57  11:12  Zergling x50  
  81  11:43  Roach  
  83  11:56  Ultralisk Cavern  
  82  12:14  Extractor  
  81  12:52  Drone x8  
  81  12:53  Drone, Zergling x2  
  81  12:54  Zergling x36  
  81  12:55  Ultralisk  
  81  12:56  Ultralisk  
  121  13:00  Baneling  
  121  13:01  Baneling x2  
  121  13:03  Baneling, Zergling x4  
  121  13:04  Zergling x6  
  122  13:19  Baneling  
  114  13:20  Baneling x8  
  79  13:45  Ultralisk  
  69  13:53  Drone x12  
  80  13:57  Extractor  
  67  14:18  Zergling x2  
  67  14:19  Zergling x24  
  67  14:23  Queen  
  82  14:24  Queen  
  83  14:37  Ultralisk x2  
  95  14:47  Extractor  
  94  14:56  Ultralisk  
  100  15:00  Drone x5  
  100  15:01  Drone x4  
  100  15:03  Hatchery  
  100  15:05  Hatchery  
  107  15:12  Zergling x2  
  107  15:13  Zergling x8  
  112  15:15  Chitinous Plating  
  112  15:39  Ultralisk  
  118  15:50  Zergling x2  
  118  15:51  Zergling x22  
  109  16:37  Spine Crawler  
  109  16:38  Spine Crawler x2  
  109  16:39  Spine Crawler  
  105  16:40  Spine Crawler  
Show
View Real Time Build Order
Export as new Build Order

Tenonee Terran - Winner!

Build Orders: Reaper Expand, MMM Bio 

Get SALT Encoding   

  12  0:01  SCV  
  13  0:13  SCV  
  14  0:18  Supply Depot  
  14  0:25  SCV  
  15  0:40  SCV  
  15  0:41  Barracks  
  16  0:50  Refinery  
  16  0:52  SCV  
  17  1:01  Supply Depot  
  17  1:05  SCV  
  18  1:17  SCV  
  19  1:29  Orbital Command  
  19  1:34  Reaper  
  20  1:53  Command Center  
  20  1:54  SCV  
  21  2:07  SCV  
  22  2:09  Marine  
  22  2:12  Factory  
  23  2:19  SCV  
  24  2:31  Barracks Reactor, Barracks  
  24  2:42  SCV  
  25  2:54  SCV  
  26  3:07  SCV  
  27  3:16  Refinery  
  27  3:18  Barracks Tech Lab  
  27  3:19  SCV  
  28  3:21  Barracks Reactor  
  28  3:22  Hellion x2  
  28  3:26  Orbital Command  
  32  3:31  SCV  
  33  3:43  SCV  
  33  3:45  Supply Depot  
  33  3:46  Hellion  
  33  3:47  Hellion, Marine  
  39  3:48  Stimpack  
  39  3:54  Supply Depot  
  39  3:55  SCV  
  40  3:58  SCV  
  40  4:02  Marine x2  
  43  4:05  Marine  
  43  4:07  SCV  
  43  4:09  Starport  
  45  4:10  SCV  
  45  4:16  Hellion x2  
  50  4:19  SCV  
  50  4:20  Marine  
  50  4:22  Marine, SCV  
  50  4:23  Marine  
  55  4:29  Supply Depot  
  55  4:32  Supply Depot, SCV  
  55  4:34  SCV  
  57  4:42  Marine x2  
  57  4:44  SCV  
  60  4:46  SCV  
  60  4:49  Factory Tech Lab  
  61  4:53  Marine  
  61  4:56  SCV  
  61  4:58  SCV  
  61  4:59  Marine  
  64  5:01  Command Center  
  64  5:02  Marine  
  66  5:08  Siege Tank, SCV  
  66  5:11  Marine  
  66  5:12  Medivac  
  73  5:16  SCV  
  73  5:17  Marine  
  73  5:21  Supply Depot  
  75  5:23  SCV  
  75  5:27  Marine  
  75  5:29  Marine  
  75  5:35  Supply Depot, Marine  
  76  5:42  Medivac  
  79  5:44  Refinery x2  
  79  5:45  Marine  
  80  5:54  Supply Depot  
  80  6:00  Marine  
  80  6:01  Marine  
  80  6:03  Marine  
  83  6:14  Orbital Command  
  83  6:17  Supply Depot x2, Barracks x2  
  83  6:18  Marine  
  83  6:19  Marine  
  83  6:20  Barracks  
  83  6:21  Marine  
  86  6:27  Combat Shields  
  86  6:29  SCV  
  86  6:30  SCV  
  86  6:36  Marine x2  
  86  6:39  Marine  
  89  6:42  SCV x2  
  94  6:47  Medivac, Siege Tank  
  96  6:54  Marine x2  
  96  6:55  Orbital Command, SCV x2  
  96  6:56  Marine  
  101  7:04  Liberator  
  93  7:11  Barracks Reactor x3  
  93  7:12  Marine x2  
  95  7:19  Marine  
  95  7:21  Medivac, Siege Tank  
  104  7:30  Marine x2  
  104  7:35  Barracks Reactor  
  106  7:37  Marine  
  106  7:43  SCV x2  
  109  7:46  SCV  
  109  7:47  Liberator, Marine  
  109  7:48  Marine  
  109  7:49  Refinery  
  109  7:50  Refinery  
  112  7:55  Supply Depot, Marine x3, SCV x2  
  112  7:57  Marine x2  
  112  7:58  Supply Depot, Medivac, Siege Tank  
  122  8:03  Factory  
  122  8:05  Starport, Marine x2  
  129  8:22  Marine x2  
  129  8:23  Marine  
  119  8:30  Liberator  
  110  8:38  Marine x2  
  106  8:42  Marine  
  106  8:43  Marine x6  
  106  8:44  Medivac, Siege Tank  
  118  8:55  Factory Reactor, Starport Tech Lab  
  118  8:56  Marine x2  
  118  8:58  Armory  
  118  9:00  Marine x6, SCV x3  
  118  9:01  Engineering Bay  
  129  9:04  Engineering Bay  
  129  9:12  SCV  
  130  9:18  SCV x2  
  130  9:19  Marine x5  
  130  9:20  Marine  
  138  9:24  SCV  
  138  9:30  SCV  
  140  9:32  Bunker  
  140  9:35  Supply Depot  
  140  9:37  Supply Depot, Marine  
  140  9:38  Marine x2  
  143  9:39  Liberator x2  
  143  9:40  Marine x2  
  143  9:41  Liberator  
  145  9:47  Marine x3  
  145  9:51  Marine  
  149  9:56  Marine x2  
  149  9:58  Marine x3  
  163  10:06  Supply Depot x2  
  163  10:07  Terran Infantry Armor Level 1, Terran Ship Weapons Level 1, Terran Infantry Weapons Level 1  
  163  10:12  Supply Depot  
  163  10:14  Command Center, Supply Depot  
  163  10:19  Supply Depot  
  163  10:33  Marine x2  
  156  10:43  Liberator  
  156  10:46  Marine  
  147  10:57  Marine  
  147  10:58  Marine x7  
  147  10:59  Siege Tank  
  147  11:00  Medivac  
  158  11:04  Marine  
  146  11:15  Marine  
  146  11:16  Marine x7  
  154  11:22  Marine  
  155  11:27  Liberator  
  149  11:33  Marine  
  149  11:34  Marine x3  
  150  11:42  Marine x5  
  150  11:44  Medivac, Siege Tank  
  163  11:51  Marine x4  
  167  12:00  Marine x5  
  172  12:08  Liberator x2  
  169  12:09  Marine x4  
  170  12:17  Supply Depot  
  170  12:18  Bunker, Marine x3  
  170  12:20  Supply Depot x2  
  173  12:23  Marine x2  
  173  12:24  Siege Tank  
  173  12:26  Marine  
  173  12:27  Marine x2  
  173  12:28  Planetary Fortress  
  187  12:31  Marine  
  187  12:35  Marine  
  187  12:36  Marine x2  
  191  12:47  Terran Infantry Weapons Level 2, Terran Infantry Armor Level 2  
  191  12:55  Marine x3  
  191  13:02  Refinery  
  191  13:19  Marine  
  192  13:20  Marine x8  
  200  13:37  Marine  
  181  13:43  Liberator  
  164  13:49  Marine  
  164  13:52  Marine  
  164  13:53  Marine x4  
  165  13:59  Widow Mine x2, Barracks  
  172  14:09  Fusion Core  
  171  14:15  Command Center  
  171  14:23  Liberator x2  
  171  14:27  Widow Mine  
  163  14:37  Marine  
  163  14:38  Marine x8  
  164  14:39  Siege Tank  
  181  14:55  Marine  
  181  14:56  Marine  
  181  14:59  Liberator  
  183  15:06  Liberator x2  
  183  15:08  Advanced Ballistics  
  183  15:11  Barracks Tech Lab  
  183  15:15  Barracks Tech Lab  
  183  15:17  Barracks Tech Lab  
  183  15:18  Siege Tank  
  187  15:21  SCV  
  187  15:27  Orbital Command  
  194  15:47  Marine  
  194  15:48  Marauder x2  
  199  16:08  Liberator x2  
Tags
 
Add a new tag
Caveats
  • Supply blocks, unpowered buildings, or Contaminate may cause inaccurate times.
  • Supply counts are checked every 10 seconds.